 Dungeon Crawl Stone Soup version 0.27.1-33-g824d729ab1 (webtiles) character file.

Game seed: 9295821987410179855

19 belegose the Skirmisher (level 2, -1/25 HPs)
             Began as a Djinni Abyssal Knight on Dec 30, 2021.
             Was a Follower of Lugonu.
             Slain by an adder (4 damage)
             ... on level 2 of the Dungeon.
             The game lasted 00:03:05 (991 turns).

belegose the Skirmisher (Djinni Abyssal Knight)      Turns: 991, Time: 00:03:05

Health: -1/25      AC:  5    Str: 11    XL:     2   Next: 95%
Gold:   56         EV:  8    Int: 13    God:    Lugonu [*.....] SH:  8 Dex: 12

rFire    + + .     SeeInvis .   a - +1 falchion
rCold    x . .     Faith    .   l - +2 kite shield
rNeg     . . .     Spirit   .   b - +0 leather armour
rPois    ∞         Reflect  .   m - +0 helmet
rElec    .         Harm     .   h - +0 cloak
rCorr    .         Rampage  .   (no gloves)
Will     .....                  (boots unavailable)
Stlth    +.........             (no amulet)
HPRegen  0.08/turn              (no ring)
MPRegen  0.00/turn              (no ring)

@: flying
A: sickness immunity, fire resistance 2, cold vulnerability 1, float, innate
caster, hp casting, extra vitality 1
a: Renounce Religion, Depart the Abyss


You were on level 2 of the Dungeon.
You worshipped Lugonu.
Lugonu was aware of your devotion.
You visited 1 branch of the dungeon, and saw 2 of its levels.
You visited the Abyss 1 time.

You collected 56 gold pieces.

Inventory:

Hand Weapons
 a - a +1 falchion (weapon)
Missiles
 d - 2 javelins
 e - 24 stones
Armour
 b - a +0 leather armour (worn)
 h - a +0 cloak (worn)
 k - a +0 buckler
 l - a +2 kite shield (worn)
 m - a +0 helmet (worn)
Scrolls
 i - a scroll of teleportation {unknown}
 j - a scroll of torment {unknown}
 n - 3 scrolls of enchant armour {unknown}
 o - a scroll of identify {unknown}
Potions
 c - a potion of ambrosia {unknown}
 f - a potion of degeneration {unknown}
 g - a potion of flight {unknown}


   Skills:
 + Level 3.2 Fighting
 + Level 2.1 Long Blades
 - Level 1.0 Armour
 - Level 2.1 Dodging
 + Level 0.2 Shields
 + Level 0.5 Spellcasting
 + Level 2.1 Invocations


You had 2 spell levels left.
You didn't know any spells.
Your spell library was empty.

Dungeon Overview and Level Annotations

Branches:
Dungeon (2/15)

Altars:

Annotations:
D:2 Sigmund


Innate Abilities, Weirdness & Mutations

You are immune to sickness and miasma.
You are immune to poison.
Your flesh is very heat resistant. (rF++)
You are vulnerable to cold. (rC-)
You float through the air rather than walking.
You learn spells naturally, not from books.
Your magical power is your life essence.
You have superior vitality. (+4 HP)


Message History

You closely miss the adder. The adder bites you but does no damage.
The adder bites you.
You barely miss the adder. The adder bites you but does no damage.
The adder bites you.
You miss the adder. The adder bites you.
The adder bites you but does no damage.
You miss the adder. The adder misses you.
You riposte.
You barely miss the adder. You block the adder's attack.
You hit the adder.
The adder is lightly wounded.
The adder bites you but does no damage. The adder closely misses you.
You riposte.
You miss the adder.
The adder is lightly wounded.
You miss the adder.
The adder is lightly wounded.
You block the adder's attack. The adder bites you.
You barely miss the adder.
The adder is lightly wounded.
The adder closely misses you.
A dart slug comes into view.
The adder bites you.
You closely miss the adder.
The adder is lightly wounded.
The adder bites you. x2
You hit the adder.
The adder is heavily wounded.
The adder bites you. The adder bites you but does no damage.
You closely miss the adder.
The adder is heavily wounded.
The adder bites you. You block the adder's attack.
You barely miss the adder.
The adder is heavily wounded.
The adder bites you.
* * * LOW HITPOINT WARNING * * *
The adder bites you.
* * * LOW HITPOINT WARNING * * *
You miss the adder.
The adder is heavily wounded.
The adder bites you.
You die...

#.######## #.....##.#
#.###.##.#
#.###'##'#########
#.................
#...........######
#...........#
#.<....†....#
#@###'##'#### #S#
#.##.......#
###.###.###.######...#
........w...... ..
###.#.......###
#.......... ##
#.......... ..
#......###. ##
#...!..# ..


You could see an adder and a dart slug.

Vanquished Creatures
  2 goblins
  A hobgoblin (D:1)
  2 kobolds
  2 quokkas (D:1)
  2 ball pythons (D:1)
  3 bats (D:1)
  2 frilled lizards
  6 rats
20 creatures vanquished.

Notes
Turn   | Place    | Note
-------+----------+-------------------------------------------
     0 | Abyss:1  | belegose the Djinni Abyssal Knight began the quest for the
                  | Orb.
     0 | Abyss:1  | Reached XP level 1. HP: 20/20 MP: 0/0
    38 | Abyss:1  | Noticed an iron imp
    54 | Abyss:1  | Noticed a small abomination
    57 | Abyss:1  | Noticed a tentacled starspawn
    58 | D:1      | Escaped the Abyss
   153 | D:1      | Found a faded altar of an unknown god.
   261 | D:1      | Reached XP level 2. HP: 25/25 MP: 0/0
   363 | D:1      | Reached * piety under Lugonu
   846 | D:2      | Noticed Sigmund
   991 | D:2      | Slain by an adder

Illustrated notes

Levels and vault maps discovered:
D:1:      minmay_arrival_plants_in_alcoves, layout_basic,
          hellmonk_ecumenical_altar_blasted, hex_medium
D:2:      layout_basic, uniq_natasha, uniq_robin, uniq_sigmund

Skill      XL: |  1  2 |
---------------+-------+-----
Long Blades    | 2 |  2.1
Invocations    | 2 |  2.1
Fighting       | |  3.2
Armour         | |  1.0
Dodging        | |  2.1
Shields        | |  0.2
Spellcasting   | |  0.5

Action                   || total
-------------------------++-------
Melee: Falchion          ||    60
Invok: Depart the Abyss  ||     1
Armor: Leather armour    ||    25
Dodge: Dodged            ||    34
Block: Kite shield       ||    15
       Rpst.: Falchion   ||     9
